Map: Disco Bloodbath LE

Players

Kas

  • Race: Terran Terran
  • Spawn Location: 9:00

AqueroN - Winner!

  • Race: Terran Terran
  • League: Grandmaster
  • Spawn Location: 3:00

Event: NationWars 2019

VOD

Have the link to the VOD?

Description

Time

  • Played on: Sept. 30, 2019, 9:43 a.m.
  • Length: 10:51
Show
View Real Time Build Order
Export as new Build Order

Kas Terran 

Build Orders: Gas First Reaper Expand, Liberator Opening 

Get SALT Encoding   

  12  0:01  SCV  
  13  0:13  SCV  
  14  0:17  Supply Depot  
  14  0:25  SCV  
  14  0:28  Refinery  
  15  0:38  SCV  
  16  0:44  Barracks  
  16  0:50  SCV  
  17  1:03  SCV  
  18  1:15  SCV  
  19  1:30  Orbital Command  
  19  1:31  Reaper  
  20  1:54  Command Center  
  20  1:58  SCV  
  21  2:04  Factory  
  21  2:05  Barracks Reactor  
  21  2:10  SCV  
  21  2:15  Supply Depot  
  21  2:24  SCV  
  21  2:26  Refinery  
  22  2:36  SCV  
  22  2:48  SCV, Starport  
  23  2:59  Hellion x2  
  23  3:00  SCV  
  28  3:07  Orbital Command  
  27  3:12  SCV  
  27  3:20  Liberator, Hellion x2  
  27  3:25  SCV  
  32  3:34  SCV  
  32  3:37  SCV  
  37  3:45  Hellion x2  
  41  3:48  Supply Depot  
  41  3:51  SCV  
  41  3:53  SCV  
  43  4:01  Barracks Tech Lab  
  43  4:03  SCV  
  43  4:04  Refinery  
  43  4:05  SCV  
  45  4:11  Hellion x2  
  45  4:15  Supply Depot  
  45  4:16  SCV  
  50  4:18  SCV  
  51  4:27  Barracks Tech Lab  
  51  4:28  Raven, SCV  
  54  4:37  SCV  
  55  4:40  SCV  
  55  4:47  Supply Depot  
  55  4:49  SCV  
  55  4:52  SCV  
  57  4:55  Siege Tank, Marine  
  57  4:57  Marine  
  62  5:05  Supply Depot  
  62  5:08  SCV x2  
  62  5:13  Raven  
  64  5:18  Marine  
  64  5:20  SCV x2  
  62  5:23  Marine  
  62  5:24  Command Center  
  62  5:28  Siege Tank  
  66  5:33  SCV x2  
  68  5:36  Marine  
  68  5:40  Supply Depot  
  68  5:41  Marine  
  70  5:45  SCV x2  
  72  5:52  Supply Depot  
  74  5:57  SCV x2  
  74  6:00  Siege Tank  
  77  6:05  Refinery  
  77  6:07  Supply Depot  
  77  6:08  Stimpack, Viking x2, Marine  
  77  6:09  SCV x2  
  84  6:18  Engineering Bay  
  84  6:20  Engineering Bay  
  84  6:21  SCV  
  84  6:23  SCV  
  85  6:28  Marine  
  85  6:32  Siege Tank  
  89  6:33  SCV  
  89  6:35  SCV  
  89  6:37  Orbital Command  
  89  6:38  Barracks  
  91  6:40  Barracks  
  91  6:43  Viking  
  91  6:44  Viking  
  95  6:48  SCV  
  96  6:55  SCV  
  96  6:57  Terran Infantry Weapons Level 1  
  96  6:58  Terran Infantry Armor Level 1  
  97  7:01  SCV  
  97  7:03  Marine  
  97  7:05  Siege Tank  
  97  7:08  Orbital Command  
  98  7:16  Viking x2  
  98  7:17  SCV  
  98  7:18  SCV  
  98  7:20  Marine  
  98  7:21  Supply Depot  
  101  7:27  Barracks Reactor x2  
  102  7:30  SCV x2  
  102  7:31  Barracks  
  102  7:32  Barracks  
  102  7:35  SCV  
  104  7:39  Siege Tank  
  104  7:42  Marine  
  106  7:47  SCV  
  106  7:50  Medivac x2  
  106  7:51  SCV  
  110  7:53  SCV  
  110  7:55  Refinery  
  110  7:56  Refinery  
  111  7:58  Combat Shield  
  111  7:59  SCV  
  111  8:00  Marine  
  111  8:02  Supply Depot  
  111  8:03  SCV, Supply Depot x2  
  111  8:05  SCV  
  115  8:10  Marine x4  
  119  8:14  Armory  
  121  8:21  Barracks Reactor  
  121  8:22  Barracks Reactor  
  121  8:23  SCV  
  121  8:26  Siege Tank  
  123  8:27  Marine  
  123  8:28  Supply Depot, Marine  
  123  8:30  SCV x2  
  123  8:31  Supply Depot  
  123  8:32  Marine x2  
  123  8:33  Supply Depot x2  
  128  8:35  Marine  
  128  8:39  Medivac x2  
  132  8:45  Marine x2  
  134  8:51  Marine x2  
  134  8:53  Marine  
  136  9:03  Siege Tank, Marine x4  
  136  9:04  Missile Turret, Command Center  
  136  9:07  Marine x2  
  144  9:21  Marine x2  
  144  9:23  Marine x3  
  149  9:24  Factory  
  149  9:25  Marine  
  149  9:26  Marine  
  151  9:34  Marine x2  
  151  9:37  Siege Tank  
  156  9:39  Marine x2  
  156  9:40  Marine  
  156  9:43  Sensor Tower  
  144  9:57  Marine x7  
  144  9:58  Marine  
  144  9:59  Medivac x2  
  117  10:01  SCV x2  
  119  10:12  Siege Tank  
  119  10:14  SCV  
  122  10:15  Marine x7  
  122  10:16  Marine  
  122  10:18  Barracks Reactor  
Show
View Real Time Build Order
Export as new Build Order

AqueroN Terran - Winner!

Build Orders: Gas First Reaper Expand 

Get SALT Encoding   

  12  0:00  SCV  
  13  0:12  SCV  
  14  0:17  Supply Depot  
  14  0:24  SCV  
  15  0:29  Refinery  
  15  0:38  SCV  
  16  0:44  Barracks  
  16  0:50  SCV  
  17  1:02  SCV  
  18  1:15  SCV  
  19  1:31  Orbital Command, Reaper  
  20  1:48  Command Center  
  20  1:57  SCV  
  20  2:00  Factory  
  21  2:06  Reaper  
  22  2:09  Supply Depot  
  22  2:17  Refinery  
  22  2:20  SCV  
  22  2:32  SCV  
  23  2:40  Barracks Reactor  
  23  2:44  SCV  
  23  2:45  Hellion  
  26  2:55  Starport  
  26  2:56  SCV  
  27  3:04  Refinery  
  27  3:08  SCV  
  29  3:20  Factory Tech Lab, Marine x2  
  29  3:21  Orbital Command  
  29  3:22  SCV  
  32  3:34  SCV  
  32  3:35  Starport Tech Lab  
  32  3:40  Cyclone, Marine x2  
  37  3:46  SCV  
  37  3:48  SCV  
  39  3:49  Supply Depot  
  39  3:53  Raven  
  41  3:58  SCV, Marine x2  
  44  4:05  SCV  
  45  4:10  SCV  
  45  4:11  Supply Depot  
  45  4:13  Cyclone  
  49  4:18  Marine  
  49  4:19  Marine  
  49  4:21  SCV  
  49  4:22  SCV  
  53  4:33  SCV  
  53  4:34  SCV  
  53  4:36  Raven  
  57  4:42  Marine x2  
  57  4:49  SCV x2  
  57  4:52  Command Center  
  59  4:54  Siege Tank  
  59  4:57  Supply Depot  
  61  5:02  SCV  
  62  5:18  SCV x2  
  62  5:30  SCV x2  
  62  5:32  Barracks  
  62  5:33  Barracks  
  62  5:34  Viking x2  
  68  5:39  Supply Depot  
  68  5:40  Stimpack  
  68  5:42  SCV  
  69  5:50  SCV  
  69  5:55  Supply Depot  
  70  6:00  Marine  
  70  6:01  SCV, Siege Tank  
  70  6:02  SCV  
  70  6:04  Refinery  
  76  6:05  Orbital Command  
  76  6:09  Viking  
  78  6:13  SCV, Viking  
  78  6:15  SCV  
  82  6:22  Orbital Command  
  82  6:25  Barracks Reactor x2  
  82  6:28  SCV  
  82  6:29  Barracks  
  82  6:31  Barracks  
  83  6:34  SCV  
  83  6:39  Viking  
  86  6:40  SCV  
  86  6:43  Viking  
  89  6:50  SCV x2  
  89  6:52  SCV  
  92  6:55  Siege Tank  
  92  7:00  Engineering Bay x2  
  95  7:01  Supply Depot  
  95  7:03  Supply Depot  
  95  7:04  SCV x2  
  95  7:06  Marine x4  
  95  7:07  Marine  
  102  7:12  SCV  
  103  7:16  SCV  
  103  7:19  Barracks Reactor x2  
  103  7:20  Viking x2  
  108  7:23  SCV  
  108  7:24  SCV  
  108  7:25  Refinery  
  108  7:28  Sensor Tower  
  108  7:29  Marine x2  
  110  7:32  Marine x2  
  110  7:35  SCV x2  
  116  7:38  Supply Depot  
  116  7:41  SCV  
  115  7:47  SCV x2  
  115  7:50  Marine x2  
  123  7:53  Terran Infantry Weapons Level 1, Terran Infantry Armor Level 1  
  123  7:54  SCV  
  123  7:55  Marine x5  
  125  8:00  SCV x2  
  125  8:03  Supply Depot  
  125  8:04  Combat Shield, Supply Depot  
  127  8:08  Siege Tank  
  127  8:11  Refinery  
  127  8:12  Marine x3  
  131  8:18  Supply Depot  
  133  8:20  Marine x6  
  133  8:25  Medivac x2  
  143  8:31  Marine x3  
  143  8:32  SCV x3  
  149  8:36  Supply Depot  
  149  8:37  Supply Depot  
  149  8:40  Siege Tank  
  152  8:44  Factory, Marine x3  
  155  8:48  Marine x2  
  155  8:49  Marine  
  155  8:55  Viking  
  160  8:56  Viking  
  160  9:00  Marine x3  
  165  9:04  Supply Depot  
  165  9:07  Marine x3  
  168  9:13  Armory  
  168  9:17  Marine x3, Sensor Tower  
  168  9:18  Marine  
  168  9:23  Marine x2  
  174  9:25  Medivac  
  174  9:26  Medivac  
  172  9:33  Marine x3  
  172  9:35  Factory Tech Lab  
  172  9:36  Marine  
  176  9:41  Siege Tank, Marine  
  176  9:42  Marine x2  
  175  9:55  Medivac  
  175  9:56  Medivac  
  175  9:59  Marine x4  
  176  10:00  Siege Tank  
  179  10:13  Siege Tank, Command Center  
  182  10:16  Marine x4  
  182  10:17  Marine  
  187  10:22  Supply Depot x2  
Tags
 
Add a new tag
Caveats
  • Supply blocks, unpowered buildings, or Contaminate may cause inaccurate times.
  • Supply counts are checked every 10 seconds.